 Dungeon Crawl Stone Soup version 0.20.0-7-g3b7b877 (webtiles) character file.

107 stringdemon the Insei (level 4, -17/21 HPs)
             Began as a Vine Stalker Transmuter on May 29, 2017.
             Demolished by an ogre
             ... wielding a +0 giant club
              (23 damage)
             ... on level 4 of the Dungeon.
             The game lasted 00:07:06 (1715 turns).

stringdemon the Insei (Vine Stalker Transmuter)     Turns: 1715, Time: 00:07:06

Health: -17/21     AC:  3    Str: 13    XL:     4   Next: 86%
Magic:  0/9        EV: 12    Int: 14    God:
Gold:   132        SH:  0    Dex: 14    Spells: 5/8 levels left

rFire    . . .     SeeInvis .     - Unarmed
rCold    . . .     Gourm    .   (no shield)
rNeg     . . .     Faith    .   d - +0 leather armour (curse)
rPois    .         Spirit   +   (no helmet)
rElec    .         Reflect  .   (no cloak)
rCorr    .         Harm     .   (no gloves)
MR       .....                  (boots currently unavailable)
Stlth    +.........             (no amulet)
Regen    0.5/turn               (no ring)
MPRegen  0.2/turn               (no ring)

@: appendage (expiring)
A: fangs 2, talons 3, regeneration 1, magic shield, antimagic bite, no potion
heal 3, rot immunity
a: End Transformation


You were on level 4 of the Dungeon.
You were not hungry.
You had grown temporary talons.
You visited 1 branch of the dungeon, and saw 4 of its levels.

You collected 132 gold pieces.

Inventory:

Missiles
 a - 29 arrows
Armour
 d - a cursed +0 leather armour (worn)
Scrolls
 j - a scroll of fear {unknown}
 n - a scroll of remove curse {unknown}
Potions
 e - a potion of resistance {unknown}
 f - 2 potions of curing {unknown}
 g - 2 potions of flight {unknown}
 h - a potion of heal wounds {unknown}
 k - 2 potions of might {unknown}
 m - a potion of degeneration {unknown}
 o - a potion of mutation {unknown}
Books
 c - a book of Changes

   Spells                             Type                      Level
   a - Beastly Appendage              Transmutation                1
   b - Sticks to Snakes               Transmutation                2
   c - Spider Form                    Transmutation/Poison         3
   d - Ice Form                       Ice/Transmutation            4
   e - Blade Hands                    Transmutation                5
Comestibles
 b - 2 bread rations
 i - a meat ration


   Skills:
 - Level 0.8 Fighting
 + Level 2.0 Dodging
 + Level 4.5 Unarmed Combat
 + Level 2.7 Spellcasting
 * Level 2.5 Transmutations


You had 5 spell levels left.
You knew the following spells:

 Your Spells              Type           Power        Failure   Level  Hunger
a - Beastly Appendage     Tmut           #.....       10%         1    #......
b - Sticks to Snakes      Tmut           #.......     16%         2    ###....


Dungeon Overview and Level Annotations

Branches:
Dungeon (4/15)
 Temple: D:4-7

Altars:


Innate Abilities, Weirdness & Mutations

You have extremely sharp teeth.
Your natural rate of healing is unusually fast.
When hurt, damage is shared between your health and your magic reserves.
Your bite disrupts and absorbs the magic of your enemies.
Potions cannot restore your health.
You are immune to rotting.
You have claws for feet.


Message History

The ogre hits you but does no damage.
You punch the ogre! You claw the ogre. You bite the ogre. You drain its power.
You feel invigorated.
The ogre is severely wounded.
The ogre closely misses you.
You hit the ogre but do no damage. You claw the ogre, but do no damage.
The ogre is severely wounded.
You hear the slow rusting of a very distant drain.
Your transformation is almost over.
You hit the ogre.
The ogre is almost dead.
The ogre hits you with a giant club!!
Ouch! That really hurt!
* * * LOW HITPOINT WARNING * * *
You barely miss the ogre. You claw the ogre, but do no damage.
You bite the ogre, but do no damage.
The ogre is almost dead.
The ogre hits you with a giant club!!
Ouch! That really hurt!
You die...

...#....##
..#####..#########
.#...##
.....###..........
......#
.###......#.......
....... #
######.#....... ......[
#.######## O......
##.###.#### ......#
...........# ####....$.#
........##.###@O......).
.........#.##..##.......
..............## .......
........#..#### #.....#
........##.. #...##
############ ####


You could see an ogre.

Vanquished Creatures
  A worker ant (D:4)
  4 adders
  An ooze (D:1)
  A worm (D:2)
  2 dart slugs (D:1)
  A ball python (D:2)
  4 bats
  2 giant cockroaches
  5 goblins
  2 hobgoblins
  4 jackals (D:3)
  2 kobolds (D:1)
  3 frilled lizards
  7 rats
39 creatures vanquished.

Notes
Turn   | Place    | Note
-------+----------+-------------------------------------------
     0 | D:1      | stringdemon the Vine Stalker Transmuter began the quest for the Orb.
     0 | D:1      | Reached XP level 1. HP: 9/9 MP: 4/4
    95 | D:1      | Reached XP level 2. HP: 14/14 MP: 6/6
   363 | D:1      | Reached XP level 3. HP: 13/17 MP: 7/7
   921 | D:2      | Reached skill level 4 in Unarmed Combat
  1130 | D:2      | Gained mutation: Your natural rate of healing is unusually fast. [Vine Stalker growth]
  1130 | D:2      | Reached XP level 4. HP: 21/21 MP: 8/8
  1250 | D:2      | Learned a level 2 spell: Sticks to Snakes
  1695 | D:4      | Noticed an ogre
  1715 | D:4      | Demolished by an ogre

Skill      XL: |  1  2  3 |
---------------+----------+-----
Unarmed Combat | 4 |  4.5
Dodging        | 2 |  2.0
Fighting       | |  0.8
Spellcasting   | |  2.7
Transmutations | |  2.5

Action                   |  1- 3 |  4- 6 || total
-------------------------+-------+-------++-------
Melee: Unarmed           |    62 |    63 ||   125
       Bite              |    11 |    11 ||    22
       Punch             |     1 |     2 ||     3
       Headbutt          |     2 |       ||     2
       Kick              |       |     6 ||     6
 Cast: Beastly Appendage |     3 |     5 ||     8
       Sticks to Snakes  |       |     5 ||     5
  Use: Scroll            |     4 |     1 ||     5
 Stab: Sleeping          |       |     1 ||     1
  Eat: Bread ration      |     1 |       ||     1
Armor: Robe              |    10 |       ||    10
       Leather armour    |     4 |    17 ||    21
Dodge: Dodged            |    34 |    52 ||    86
